 Dungeon Crawl Stone Soup version 0.18.1-5-g4a78601 (webtiles) character file.

35 Mefis the Magician (level 3, -2/19 HPs)
             Began as a Deep Elf Wizard on May 9, 2016.
             Slain by a gnoll
             ... wielding a +0 spear
              (5 damage)
             ... on level 2 of the Dungeon.
             The game lasted 00:03:44 (1434 turns).

Mefis the Magician (Deep Elf Wizard)                Turns: 1434, Time: 00:03:44

Health: -2/19      AC:  2    Str:  4    XL:     3   Next: 16%
Magic:  6/11       EV:  8    Int: 23    God:
Gold:   60         SH:  0    Dex: 13    Spells: 4 memorised, 5 levels left

rFire  . . .     SeeInvis .     (no weapon)
rCold  . . .     Gourm    .     a - +0 robe
rNeg   . . .     Faith    .     (no shield)
rPois  .         Spirit   .     b - +0 hat
rElec  .         Dismiss  .     (no cloak)
rCorr  .         Reflect  .     (no gloves)
SustAt .         Harm     .     (no boots)
MR     .....                    (no amulet)
Stlth  ++........               (no ring)
                                (no ring)

@: repel missiles, not resistant to hostile enchantments, unstealthy
A: no striking features
a: no special abilities


You were on level 2 of the Dungeon.
You were not hungry.

You visited 1 branch of the dungeon, and saw 2 of its levels.

You collected 60 gold pieces.

Inventory:

Armour
 a - a +0 robe (worn)
 b - a +0 hat (worn)
Scrolls
 e - a scroll of noise {unknown}
 h - a scroll of recharging
 j - a scroll of enchant weapon {unknown}
 k - a scroll of teleportation {unknown}
Potions
 f - a potion of might {unknown}
 i - a potion of curing {unknown}
Books
 c - a book of Minor Magic

   Spells                             Type                      Level
   a - Magic Dart                     Conjuration                  1
   b - Blink                          Translocation                2
   c - Call Imp                       Summoning                    2
   d - Repel Missiles                 Charms/Air                   2
   e - Slow                           Hexes                        2
   f - Conjure Flame                  Conjuration/Fire             3
   g - Mephitic Cloud                 Conjuration/Poison/Air       3
Comestibles
 d - a bread ration
 g - 2 meat rations


   Skills:
 + Level 3.1 Dodging
 + Level 2.8 Stealth
 + Level 5.1 Spellcasting
 + Level 1.7 Conjurations
 + Level 1.1 Summonings
 - Level 1.1 Translocations


You had 5 spell levels left.
You knew the following spells:

 Your Spells              Type           Power        Failure   Level  Hunger
a - Magic Dart            Conj           ##..         6%          1    None
b - Call Imp              Summ           ##......     12%         2    None
c - Blink                 Tloc           N/A          12%         2    None
d - Repel Missiles        Chrm/Air       #.....       17%         2    None


Dungeon Overview and Level Annotations

Branches:
Dungeon (2/15)

Altars:

Annotations:
D:2 Sigmund


Message History

Ouch! That really hurt!
Casting: Magic Dart
Confirm with . or Enter, or press ? or * to list all spells.
You don't know that spell.
Casting: Magic Dart
Confirm with . or Enter, or press ? or * to list all spells.
You don't know that spell.
Okay, then.
Unknown command.
Okay, then.
The gnoll hits you with a whip.
* * * LOW HITPOINT WARNING * * *
You see here a giant newt skeleton.
Sigmund shouts!
The gnoll hits you with a whip.
* * * LOW HITPOINT WARNING * * *
There is a stone staircase leading up here.
The gnoll barely misses you.
The gnoll hits you from afar with a spear.
You die...

######.....#
#..........#####
#..............#
##..........###.##
#.......g........#
#....####.########
##....# #.#
.#....g####.#
........รท@)#g#
###.....g..#..
#........g....##
#.....@....!...#
?...............#
##...#####.......
.... ##.....## ...
#.......# g
#.......#


You could see Sigmund and 3 gnolls.

Vanquished Creatures
  An adder (D:2)
  A dart slug (D:2)
  A giant gecko (D:1)
  A bat (D:1)
  3 giant cockroaches (D:1)
  2 goblins
  4 hobgoblins (D:1)
  3 giant newts
  2 kobolds (D:1)
  5 rats
23 creatures vanquished.

Notes
Turn   | Place    | Note
--------------------------------------------------------------
     0 | D:1      | Mefis the Deep Elf Wizard began the quest for the Orb.
     0 | D:1      | Reached XP level 1. HP: 10/10 MP: 7/7
   415 | D:1      | Reached XP level 2. HP: 15/15 MP: 7/9
   419 | D:1      | Learned a level 2 spell: Call Imp
   422 | D:1      | Learned a level 2 spell: Blink
   425 | D:1      | Learned a level 2 spell: Repel Missiles
  1022 | D:2      | Noticed Sigmund
  1338 | D:2      | Reached skill level 5 in Spellcasting
  1338 | D:2      | Reached XP level 3. HP: 19/19 MP: 3/11
  1434 | D:2      | Slain by a gnoll

Skill      XL: |  1  2 |
---------------+-------+-----
Dodging        | 3 |  3.1
Spellcasting   | 5 |  5.1
Stealth        | |  2.8
Conjurations   | |  1.7
Summonings     | |  1.1
Translocations | |  1.1

Action                   || total
-------------------------++-------
Melee: Unarmed           ||     1
 Cast: Magic Dart        ||    54
       Repel Missiles    ||     1
  Use: Scroll            ||     1
 Stab: Sleeping          ||     1
  Eat: Bread ration      ||     1
Armor: Robe              ||     1
Dodge: Dodged            ||     3
